 Dungeon Crawl Stone Soup version 0.26-a0-27-g1f0226971c (webtiles) character file.

Game seed: 11128970855989750538, levelgen mode: deterministic

142 Lanoc the Slasher (level 5, -9/41 HPs)
             Began as a Vampire Fighter on May 27, 2020.
             Was an Initiate of Fedhas.
             Mangled by Duvessa
             ... wielding a +0 short sword of holy wrath
              (11 damage)
             ... on level 4 of the Dungeon.
             The game lasted 00:03:19 (2319 turns).

Lanoc the Slasher (Vampire Fighter)                 Turns: 2319, Time: 00:03:20

Health: -9/41      AC:  7    Str: 15    XL:     5   Next: 4%
Magic:  5/5        EV:  8    Int: 10    God:    Fedhas [......]
Gold:   181        SH:  9    Dex: 15    Spells: 4/4 levels left

rFire    + . .     SeeInvis +   a - +0 long sword
rCold    . . .     Gourm    .   c - +0 kite shield
rNeg     . . .     Faith    .   l - +1 scale mail {rF+}
rPois    .         Spirit   .   (no helmet)
rElec    .         Reflect  .   (no cloak)
rCorr    .         Harm     .   (no gloves)
MR       .....                  (no boots)
Stlth    ..........             (no amulet)
HPRegen  0.33/turn              (no ring)
MPRegen  0.09/turn              (no ring)

@: brilliant, very slightly contaminated, regenerating quickly, invisible
A: no food, fangs 3, see invisible, unbreathing
a: Exsanguinate, Renounce Religion


You were on level 4 of the Dungeon.
You worshipped Fedhas.
Fedhas was noncommittal.
You were alive.

You visited 2 branches of the dungeon, and saw 5 of its levels.

You collected 181 gold pieces.

Inventory:

Hand Weapons
 a - a +0 long sword (weapon)
Armour
 c - a +0 kite shield (worn)
 l - a +1 scale mail of fire resistance (worn)
Scrolls
 e - 2 scrolls of fog {unknown}
 g - 3 scrolls of identify {unknown}
 j - a scroll of amnesia {unknown}
 k - 2 scrolls of teleportation {unknown}
 p - a scroll of noise {unknown}
Potions
 b - a potion of heal wounds {unknown}
 d - 2 potions of might
 f - a potion of stabbing {unknown}
 h - a potion of invisibility
 i - 2 potions of brilliance
 m - a potion of lignification {unknown}
 n - a potion of flight {unknown}
 o - a potion of cancellation {unknown}


   Skills:
 + Level 3.2 Fighting
 * Level 3.3 Long Blades
 + Level 2.9 Armour
 + Level 1.9 Dodging
 + Level 3.2 Shields


You had 4 spell levels left.
You didn't know any spells.
Your spell library was empty.

Dungeon Overview and Level Annotations

Branches:
Dungeon (4/15)             Temple (1/1) D:4

Altars:
Ashenzari
Cheibriados
Dithmenos
Fedhas
Kikubaaqudgha
Makhleb
Nemelex Xobeh
Qazlal
Ru
Sif Muna
Trog
Vehumet
Wu Jian
Yredelemnul
Zin

Annotations:
D:4 Dowan, Duvessa


Innate Abilities, Weirdness & Mutations

You do not eat.
Your natural rate of healing is unusually fast.
You have razor-sharp teeth.
You have supernaturally acute eyesight. (SInv)
You can survive without breathing.


Message History

You hit Duvessa.
Duvessa is moderately wounded.
You block Duvessa's attack.
You hit Duvessa but do no damage.
Duvessa is moderately wounded.
Duvessa hits you with a +0 short sword of holy wrath!
* * * LOW HITPOINT WARNING * * *
You convulse!
* * * LOW HITPOINT WARNING * * *
Duvessa hits you but does no damage.
It was a potion of invisibility.
You fade into invisibility!
Duvessa hits you but does no damage.
You are very lightly contaminated with residual magic.
It was a potion of brilliance.
You feel clever all of a sudden.
Duvessa gestures with her weapon.
Duvessa hits you with a +0 short sword of holy wrath!
You die...
Fedhas appreciates your contribution to the ecosystem. ...# ...# ...# #. #..# ...#### #.# #$.# ......# #.# #..# ......# #.# #..# ......# #.# #Ze

......# #.# #.#
......# #.######.#
......#####.....@e.#
.........##.######.#
######.#.##.# #...
#.#.##.# #####
#.#.##.####
#.#†###...# #.#.#
#.⌠.# #.#.###...####
#.#..........#


You could see Duvessa.

Vanquished Creatures
  A hound (D:2)
  Terence (D:3)
  A gnoll (D:1)
  An adder (D:2)
  An ooze (D:1)
  2 dart slugs
  3 leopard geckos
  3 giant cockroaches
  4 goblins
  8 hobgoblins
  4 jackals (D:1)
  3 quokkas
  A ball python (D:1)
  5 bats
  5 frilled lizards
  8 kobolds
  A quokka skeleton (D:4)
  5 rats
57 creatures vanquished.

Notes
Turn   | Place    | Note
-------+----------+-------------------------------------------
     0 | D:1      | Lanoc the Vampire Fighter began the quest for the Orb.
     0 | D:1      | Reached XP level 1. HP: 17/17 MP: 1/1
   176 | D:1      | Reached XP level 2. HP: 15/23 MP: 2/2
   299 | D:1      | Reached skill level 1 in Dodging
   313 | D:1      | Reached XP level 3. HP: 27/28 MP: 3/3
   449 | D:1      | You fall into a shaft and drop 1 floor!
   606 | D:2      | Reached XP level 4. HP: 32/35 MP: 4/4
  1064 | D:3      | Noticed Terence
  1091 | D:3      | Killed Terence
  1322 | D:3      | Found a shadowy altar of Dithmenos.
  1523 | D:3      | Reached XP level 5. HP: 41/41 MP: 5/5
  1793 | D:4      | Found a basalt altar of Yredelemnul.
  1975 | D:4      | Found a staircase to the Ecumenical Temple.
  1982 | Temple   | Entered the Ecumenical Temple
  2257 | Temple   | Became a worshipper of Fedhas Madash
  2301 | D:4      | Noticed Duvessa
  2301 | D:4      | Noticed Dowan
  2315 | D:4      | HP: 1/41 [Duvessa/+0 short sword of holy wrath (10)]
  2319 | D:4      | Mangled by Duvessa

Illustrated notes

Levels and vault maps discovered:
D:1:      dpeg_arrival_rooms_a, layout_basic
D:2:      layout_loops_cross, minmay_box_of_dots
D:3:      layout_basic, minivault_4, grunt_dithmenos_smoke_and_mirrors,
          uniq_terence
D:4:      layout_basic, kennysheep_ying_yang, minmay_temple_entry_junction,
          serial_shops, shop, nrook_mini_vaults, uniq_duvessa, uniq_edmund
Temple:   oiseaux_autumnal_temple

Skill      XL: |  1  2  3 |
---------------+----------+-----
Dodging        | 1 |  1.9
Fighting       | 3 |  3.2
Shields        | 3 |  3.2
Long Blades    | 3 |  3.3
Armour         | |  2.9

Action                   |  1- 3 |  4- 6 || total
-------------------------+-------+-------++-------
Melee: Long sword        |   103 |    92 ||   195
       Bite              |     9 |    15 ||    24
  Use: Potion            |       |     2 ||     2
Armor: Scale mail        |    66 |    27 ||    93
Dodge: Dodged            |    31 |    26 ||    57
Block: Kite shield       |    65 |    35 ||   100
       Rpst.: Long sword |     9 |    13 ||    22

Table legend:
 A = Non-vault XP
 B = Vault XP
 C = Vault XP percentage of total XP
 D = Non-vault monster count
 E = Vault monster count
 F = Vault count percentage of total count
                 A         B        C        D         E       F
            +---------+---------+-------+---------+---------+-------
      Total |     163 |      41 |  20.1 |      53 |       4 |   7.0
            +---------+---------+-------+---------+---------+-------
        D:1 |      56 |       0 |   0.0 |      22 |       0 |   0.0
        D:2 |      78 |       5 |   6.0 |      13 |       3 |  18.8
        D:3 |      22 |      36 |  62.1 |      14 |       1 |   6.7
        D:4 |       7 |       0 |   0.0 |       4 |       0 |   0.0
            +---------+---------+-------+---------+---------+-------
